 Dungeon Crawl Stone Soup version 0.30.1-9-gdf580d7c3d (webtiles) character file.

Game seed: 18254337500924086558

814 Psyclone the Destroyer (level 7, -6/36 HPs)
             Began as a Deep Elf Conjurer on Oct 22, 2023.
             Mangled by leafyfresh's ghost (7 damage)
             ... on level 4 of the Dungeon.
             The game lasted 00:13:19 (4508 turns).

Psyclone the Destroyer (Deep Elf Conjurer)          Turns: 4508, Time: 00:13:19

Health: -6/36      AC:  4    Str:  4    XL:     7   Next: 62%
Magic:  3/19       EV: 11    Int: 25    God:
Gold:   69         SH:  0    Dex: 13    Spells: 2/19 levels left

rFire   . . .        c - +1 hand axe (elec)
rCold   . . .        (no shield)
rNeg    . . .        d - +0 leather armour
rPois   .            (helmet restricted)
rElec   .            e - +0 cloak
rCorr   .            (no gloves)
SInv    .            (no boots)
Will    .....        i - amulet of the acrobat
Stlth   ++           (no ring)
HPRegen 0.26/turn    (no ring)
MPRegen 0.16/turn

%: acrobat
@: no status effects
A: horns 1
a: no special abilities


You were on level 4 of the Dungeon.
You visited 1 branch of the dungeon, and saw 4 of its levels.

You collected 269 gold pieces.
You spent 200 gold pieces at shops.

Inventory:

Hand Weapons
 c - a +1 hand axe of electrocution (weapon)
 n - a +1 dagger of venom
Armour
 a - a +0 robe
 d - a +0 leather armour (worn)
 e - a +0 cloak (worn)
 f - a +2 helmet
 j - +0 acid dragon scales
Jewellery
 i - an amulet of the acrobat (around neck)
Wands
 g - a wand of flame (10)
 p - a wand of digging (3)
Scrolls
 h - a scroll of poison
 o - a scroll of identify {@r1}
Potions
 b - a potion of magic
 k - a potion of might
 l - 2 potions of curing {unknown}
 m - 3 potions of heal wounds {unknown}


   Skills:
 - Level 2.4 Dodging
 - Level 2.4 Stealth
 * Level 6.8 Spellcasting
 + Level 8.3 Conjurations
 + Level 4.0 Hexes


You had 2 spell levels left.
You knew the following spells:

 Your Spells              Type           Power      Damage    Failure   Level
a - Magic Dart            Conj           100%       1d8       1%          1
b - Searing Ray           Conj           100%       2d8       1%          2
d - Fulminant Prism       Conj/Hex       19%        3d11      10%         4
e - Iskenderun's Mystic   Conj/Tloc      29%        2d7       22%         4
v - Poisonous Vapours     Pois/Air       16%        N/A       19%         2
x - Olgreb's Toxic Radia  Pois           8%         N/A       77%         4

Your spell library contained the following spells:

 Spells                   Type           Power      Damage    Failure   Level
 Sting                    Tmut/Pois      32%        1d4       12%         1
 Dazzling Flash           Conj/Hex       78%        N/A       3%          3
 Irradiate                Conj/Tmut      14%        3d16      52%         5
 Blade Hands              Tmut           4%         N/A       98%         5
 Dragon Form              Tmut           4%         N/A       100%        7


Dungeon Overview and Level Annotations

Branches:
Dungeon (4/15) Zot: 19507
 Temple: D:4-7

Altars:

Shops:
D:3 (   D:4 !::!=

Annotations:
D:4 leafyfresh's ghost, novice DjIE


Innate Abilities, Weirdness & Mutations

You have a pair of small horns on your head.


Message History

You fall asleep.
Leafyfresh's ghost screams, "You will never get the ORB!"
You wake up.
Leafyfresh's ghost gestures at you while chanting.
You fall asleep.
Leafyfresh's ghost hits you.
You wake up.
You take 1 damage, and have 35/36 hp.
Casting: Fulminant Prism (quite dangerous; 10% risk of failure)
Confirm with . or Enter, or press ? or * to list all spells.
The spell is quite dangerous to miscast (10% risk of failure)!
Continue anyway?
Aiming: Fulminant Prism (quite dangerous; 10% risk of failure)
Press: ? - help, Dir - move target You miscast Fulminant Prism.
You are very lightly contaminated with residual magic.
Nothing appears to happen.
Leafyfresh's ghost misses you.
You now have 1/19 mp.
Leafyfresh's ghost attacks as you move away!
Leafyfresh's ghost hits you.
You take 1 damage, and have 34/36 hp.
Leafyfresh's ghost points at you and mumbles some strange words.
You resist with some effort.
Your magical contamination has completely faded away.
Health restored: 36 Leafyfresh's ghost casts a spell at you.
You fall asleep.
Leafyfresh's ghost hits you!
You wake up.
You take 10 damage, and have 26/36 hp.
MASSIVE DAMAGE!!
Leafyfresh's ghost attacks as you move away!
Leafyfresh's ghost hits you.
You take 1 damage, and have 25/36 hp.
Leafyfresh's ghost points at you and mumbles some strange words.
You fall asleep.
Leafyfresh's ghost hits you!!
You wake up.
Ouch! That really hurt!
* * * LOW HITPOINT WARNING * * *
You take 24 damage, and have 1/36 hp.
MASSIVE DAMAGE!!
Okay, then.
Leafyfresh's ghost attacks as you move away!
Leafyfresh's ghost hits you!
You die...

........#####........#...........
........#####........####........
...........##....................
...........##.........#..........
.......)...##....................
....................#............
.......................#'#.......
..............>........'∩'..###..
................@W.....#'######..
..............###...#'##.........
..............# #...#.##.....#...
....[.........# #<...........#...
..............# #.[..........#...
..#.......)...# #........#####...
..#...........###...........##...
................####....###.##...
................###.....# #.##...


You could see leafyfresh's ghost.

Vanquished Creatures
  The ghost of middlethird the Slasher, an amateur VSEE (D:4)
  The ghost of deremet the Covert, an amateur GnDe (D:4)
  A black bear (D:4)
  A scorpion (D:4)
  A hound (D:4)
  An orc priest (D:3)
  2 iguanas (D:4)
  An orc wizard (D:3)
  5 gnolls
  7 adders
  An ufetubus (D:4)
  A worm (D:4)
  The ghost of deremet the Covert, a weakling GnDe (D:4)
  4 dart slugs
  14 orcs
  8 ball pythons
  3 endoplasms
  3 giant cockroaches
  14 goblins
  9 hobgoblins
  6 jackals (D:1)
  4 quokkas
  3 bats
  3 frilled lizards
  7 kobolds
  2 rats (D:3)
104 creatures vanquished.

Vanquished Creatures (others)
  6 fulminant prisms (D:4)
6 creatures vanquished.

Grand Total: 110 creatures vanquished

Notes
Turn   | Place    | Note
-------+----------+-------------------------------------------
     0 | D:1      | Psyclone the Deep Elf Conjurer began the quest for the Orb.
     0 | D:1      | Reached XP level 1. HP: 10/10 MP: 6/6
   194 | D:1      | Reached XP level 2. HP: 15/15 MP: 6/8
   211 | D:1      | Reached skill level 5 in Conjurations
   493 | D:1      | Reached XP level 3. HP: 19/19 MP: 7/9
   916 | D:1      | Found a faded altar of an unknown god.
  1129 | D:1      | Gained mutation: You have a pair of small horns on your
                  | head. [potion of mutation]
  1188 | D:2      | Reached skill level 6 in Conjurations
  1191 | D:2      | Reached XP level 4. HP: 24/24 MP: 1/10
  1271 | D:1      | Learned a level 2 spell: Searing Ray
  1276 | D:1      | Learned a level 4 spell: Fulminant Prism
  2073 | D:2      | You fall into a shaft and drop 2 floors!
  2100 | D:4      | Reached skill level 7 in Conjurations
  2100 | D:4      | Reached XP level 5. HP: 28/28 MP: 7/11
  2303 | D:4      | Found Buklafe's Distillery.
  2473 | D:3      | Reached skill level 1 in Hexes
  2728 | D:3      | Reached XP level 6. HP: 32/32 MP: 9/13
  3362 | D:3      | Found Jexasch's Weapon Shoppe.
  3697 | D:4      | Found Ehiegimie's Distillery.
  3697 | D:4      | Found Juojeps's Book Shoppe.
  3800 | D:4      | Bought a Young Poisoner's Handbook for 200 gold pieces
  3931 | D:4      | Reached skill level 5 in Spellcasting
  3935 | D:4      | Reached XP level 7. HP: 36/36 MP: 6/17
  4035 | D:4      | Found a runed translucent gate.
  4035 | D:4      | Found a runed translucent gate.
  4035 | D:4      | Found a runed translucent gate.
  4036 | D:4      | Noticed deremet's ghost (amateur GnDe)
  4037 | D:4      | Noticed leafyfresh's ghost (novice DjIE)
  4037 | D:4      | Noticed middlethird's ghost (amateur VSEE)
  4037 | D:4      | Noticed deremet's ghost (weakling GnDe)
  4042 | D:4      | Reached skill level 8 in Conjurations
  4243 | D:4      | Found Jiophoum's Jewellery Emporium.
  4258 | D:4      | Found Huosmuzo's Book Boutique.
  4365 | D:4      | Learned a level 2 spell: Poisonous Vapours
  4370 | D:4      | Learned a level 4 spell: Iskenderun's Mystic Blast
  4375 | D:4      | Learned a level 4 spell: Olgreb's Toxic Radiance
  4381 | D:4      | Killed deremet's ghost
  4448 | D:4      | Killed deremet's ghost
  4465 | D:4      | Killed middlethird's ghost
  4507 | D:4      | HP: 1/36 [leafyfresh's ghost (25)]
  4508 | D:4      | Mangled by leafyfresh's ghost

Illustrated notes

Levels and vault maps discovered:
D:1:      evilmike_arrival_rings, layout_loops_ring,
          hellmonk_ecumenical_altar_pennies_from_heaven
D:2:      layout_basic
D:3:      layout_loops_corners, serial_shops,
          nicolae_shop_pleasant_corner_grove, guppyfry_early_orc_mine
D:4:      layout_basic, serial_shops, nicolae_shop_industrial_runoff,
          nicolae_shop_behind_doors, shop, nicolae_shop_hallway_stairs,
          nicolae_stop_n_shop_2, gammafunk_ghost_cemetery

Skill      XL: |  1  2  3  4  5  6  7 |
---------------+----------------------+-----
Conjurations   | 5 6 7 8 |  8.3
Hexes          | 1 2 4 |  4.0
Spellcasting   | 5 6 |  6.8
Dodging        | |  2.4
Stealth        | |  2.4

Action                     |  1- 3 |  4- 6 |  7- 9 || total
---------------------------+-------+-------+-------++-------
  Melee: Unarmed           |     4 |       |       ||     4
         Hand axe          |       |     2 |       ||     2
   Cast: Magic Dart        |    60 |   113 |     4 ||   177
         Searing Ray       |       |    11 |       ||    11
         Fulminant Prism   |       |       |     6 ||     6
    Use: Scroll            |     3 |       |     3 ||     6
         Potion            |     2 |       |       ||     2
 Armour: Robe              |     1 |       |       ||     1
         Leather armour    |     1 |     3 |       ||     4
  Dodge: Dodged            |    12 |     6 |     1 ||    19
